 Dungeon Crawl Stone Soup version 0.29.1-15-g9cfb28693d (webtiles) character file.

Game seed: 15424362005069000329

198 Smoke131 the Firebug (level 5, 0/38 HPs)
             Began as a Draconian Fire Elementalist on Feb 25, 2023.
             Slain by a hobgoblin (2 damage)
             ... on level 4 of the Dungeon.
             The game lasted 00:07:18 (3526 turns).

Smoke131 the Firebug (Draconian Fire Elementalist)  Turns: 3526, Time: 00:07:18

Health: 0/38       AC:  5    Str: 10    XL:     5   Next: 47%
Magic:  9/9        EV: 12    Int: 17    God:
Gold:   161        SH:  0    Dex: 12    Spells: 4/10 levels left

rFire   . . .      SeeInvis .   o - +2 flail (drain)
rCold   . . .      Faith    .   (no shield)
rNeg    . . .      Spirit   .   (body armour unavailable)
rPois   +          Reflect  .   (helmet restricted)
rElec   .          Harm     .   (no cloak)
rCorr   .          Rampage  .   (no gloves)
Will    .....                   (no boots)
Stlth   ++........              (no amulet)
HPRegen 0.12/turn               l - ring of poison resistance
MPRegen 0.11/turn               (no ring)

@: no status effects
A: AC +5, unfitting armour, cold-blooded
a: no special abilities


You were on level 4 of the Dungeon.
You visited 1 branch of the dungeon, and saw 4 of its levels.

You collected 161 gold pieces.

Inventory:

Hand Weapons
 o - a +2 flail of draining (weapon)
Jewellery
 d - a ring of fire
 l - a ring of poison resistance (left hand)
Wands
 n - a wand of quicksilver (4)
Scrolls
 b - a scroll of noise {unknown}
 c - 2 scrolls of teleportation {unknown}
 f - a scroll of amnesia {unknown}
 h - 2 scrolls of fog {unknown}
 j - a scroll of silence {unknown}
 k - 6 scrolls of identify {unknown}
 m - a scroll of immolation {unknown}
 p - 4 scrolls of enchant armour {unknown}
Potions
 a - a potion of magic
 e - 3 potions of heal wounds {unknown}
 g - a potion of degeneration {unknown}
 i - 2 potions of curing {unknown}
 q - a potion of attraction {unknown}


   Skills:
 + Level 3.0 Dodging
 - Level 1.7 Stealth
 + Level 3.1 Spellcasting
 + Level 2.7 Conjurations
 + Level 4.0 Fire Magic


You had 4 spell levels left.
You knew the following spells:

 Your Spells              Type           Power      Damage    Failure   Level
a - Foxfire               Conj/Fire      56%        2x1d6     4%          1
b - Scorch                Fire           32%        2d6       4%          2
c - Conjure Flame         Conj/Fire      14%        6-21      13%         3

Your spell library contained the following spells:

 Spells                   Type           Power      Damage    Failure   Level
 Inner Flame              Hex/Fire       9%         N/A       22%         3
 Flame Wave               Conj/Fire      14%        2d6       38%         4


Dungeon Overview and Level Annotations

Branches:
Dungeon (4/15)
 Temple: D:4-7

Altars:
Makhleb
Nemelex Xobeh
Qazlal

Shops:
D:2 [


Innate Abilities, Weirdness & Mutations

Your plain brown scales are hard. (AC +5)
You cannot fit into any form of body armour.
You are cold-blooded and may be slowed by cold attacks.


Message History

You closely miss the kobold. The kobold closely misses you.
You barely miss the kobold.
The kobold hits you with a +0 dagger. x2
You hit the kobold. You drain the kobold.
You kill the kobold!
Things that are here:
a +0 dagger; a kobold corpse
Things that are here:
a +0 dagger of holy wrath; an orc corpse A gnoll comes into view.
It is wielding a +2 flail of protection.
Things that are here:
a +0 dagger; a kobold corpse A hobgoblin comes into view.
The gnoll hits you with a +2 flail of protection!
You closely miss the gnoll.
The hobgoblin shouts!
The hobgoblin drinks a potion.
The hobgoblin seems to speed up.
The gnoll barely misses you.
An ogre comes into view. It is wielding a +0 giant club.
You barely miss the gnoll.
The gnoll hits you with a +2 flail of protection!
* * * LOW HITPOINT WARNING * * *
A goblin comes into view. It is wielding a +0 club.
The gnoll barely misses you. The gnoll attacks as you move away!
The gnoll barely misses you. The gnoll attacks as you move away!
The gnoll hits you with a +2 flail of protection!
* * * LOW HITPOINT WARNING * * *
Aiming: Quicksilver Bolt
Press: ? - help, Shift-Dir - straight line, f - gnoll
Aim: a gnoll, wielding a +2 flail of protection (75% to hit)
The bolt of dispelling energy hits the gnoll!!
You kill the gnoll!
You hear a shout! x2
You hit the hobgoblin but do no damage. You drain the hobgoblin.
The hobgoblin is heavily wounded.
The hobgoblin hits you.
* * * LOW HITPOINT WARNING * * *
An adder comes into view.
The hobgoblin hits you.
You die...

...#E#.##### .##
...###..#.. .!.#
........#.####..#
._......#.##....#
................#
#..##.#....###
#.<##.##.....#
...###..##[##)..#
#........?@g).##
###S##.##.##.##
#. #.##.##.# #
#.#.#.#.# #..#
#... .?# ##..'
#.$ ...#g ...
####.. ..


You could see an adder (wandering) and a hobgoblin (fast, very drained).

Vanquished Creatures
  A necrophage (D:3)
  5 adders
  2 gnolls
  3 dart slugs
  9 orcs
  5 ball pythons
  6 endoplasms (D:1)
  4 goblins (D:1)
  3 hobgoblins
  5 quokkas
  4 bats
  3 frilled lizards
  5 kobolds
  4 rats
59 creatures vanquished.

Vanquished Creatures (others)
  87 foxfires
87 creatures vanquished.

Grand Total: 146 creatures vanquished

Notes
Turn   | Place    | Note
-------+----------+-------------------------------------------
     0 | D:1      | Smoke131 the Draconian Fire Elementalist began the quest
                  | for the Orb.
     0 | D:1      | Reached XP level 1. HP: 14/14 MP: 3/3
   142 | D:1      | Reached XP level 2. HP: 16/20 MP: 1/5
   145 | D:1      | Learned a level 2 spell: Scorch
   529 | D:1      | HP: 1/20 [frozen (4)]
  1146 | D:1      | Found a faded altar of an unknown god.
  1381 | D:2      | Reached XP level 3. HP: 21/26 MP: 6/6
  1725 | D:2      | Found Xatis's Armour Shop.
  2158 | D:3      | Learned a level 3 spell: Conjure Flame
  2431 | D:3      | Reached XP level 4. HP: 32/33 MP: 7/7
  3040 | D:3      | Found a sparkling altar of Nemelex Xobeh.
  3040 | D:3      | Found a burning altar of Makhleb.
  3153 | D:4      | Noticed a water elemental
  3277 | D:4      | Found a stormy altar of Qazlal.
  3356 | D:4      | Noticed a necrophage
  3364 | D:3      | Killed a necrophage
  3365 | D:3      | Reached skill level 4 in Fire Magic
  3365 | D:3      | Reached XP level 5. HP: 23/38 MP: 9/9
  3520 | D:4      | Noticed an ogre
  3526 | D:4      | Slain by a hobgoblin

Illustrated notes

Levels and vault maps discovered:
D:1:      pf_arrival_petrified_forest, layout_rooms,
          dilly_ecumenical_altar_fadedgnrine, st_stairs_12, minmay_pentomino_w2
D:2:      layout_basic, serial_shops, shop
D:3:      layout_basic, nicolae_overflow_two_pavilions, minmay_puff
D:4:      layout_loops_ring, nicolae_qazlal_style_of_elements, kennysheep_mini,
          zin_statuary, serial_shops, shop, corexii_leaking_fountain,
          kennysheep_generic_room_5, uniq_blork_the_orc

Skill      XL: |  1  2  3  4 |
---------------+-------------+-----
Dodging        | 2 3 |  3.0
Conjurations   | 2 |  2.7
Spellcasting   | 3 |  3.1
Fire Magic     | 4 |  4.0
Stealth        | |  1.7

Action                   |  1- 3 |  4- 6 || total
-------------------------+-------+-------++-------
Melee: Unarmed           |     9 |       ||     9
       Tailslap          |    10 |     5 ||    15
       Mace              |    38 |       ||    38
       Flail             |     3 |    38 ||    41
       Punch             |       |     1 ||     1
 Cast: Foxfire           |    43 |     5 ||    48
       Scorch            |       |     4 ||     4
Evoke: Wand              |       |     1 ||     1
 Stab: Sleeping          |     4 |     1 ||     5
Armor: Skin              |    19 |    13 ||    32
Dodge: Dodged            |    39 |    32 ||    71
